 Dungeon Crawl Stone Soup version 0.30.1-9-gdf580d7c3d (webtiles) character file.

Game seed: 1315225698454614791

1995 H0rd4k the Trooper (level 9, -1/71 HPs)
             Began as a Human Artificer on Oct 6, 2023.
             Was an Initiate of Gozag.
             Splashed by a jelly's acid (8 damage)
             ... on level 7 of the Dungeon.
             The game lasted 00:09:29 (7008 turns).

H0rd4k the Trooper (Human Artificer)                Turns: 7008, Time: 00:09:30

Health: -1/71      AC: -10   Str: 12    XL:     9   Next: 45%
Magic:  11/11      EV: 13    Int: 23    God:    Gozag
Gold:   430        SH:  0    Dex: 13    Spells: 11/11 levels left

rFire   + . .        c - +0 morningstar
rCold   . . .        (no shield)
rNeg    . . .        z - +2 leather armour {rF+}
rPois   .            (no helmet)
rElec   .            o - scarf {shadows}
rCorr   .            (no gloves)
SInv    .            (no boots)
Will    +....        w - amulet of regeneration
Stlth   +            t - ring of willpower
HPRegen 1.11/turn    B - +6 ring of intelligence
MPRegen 0.12/turn

%: no passive effects
@: corroded
A: no striking features
a: Renounce Religion, Potion Petition, Call Merchant, Bribe Branch


You were on level 7 of the Dungeon.
You worshipped Gozag.
Gozag was aware of your devotion.
You visited 2 branches of the dungeon, and saw 8 of its levels.

You collected 565 gold pieces.
You paid 135 gold pieces to Gozag.

Inventory:

Hand Weapons
 a - a +3 shortbow
 c - a +0 morningstar (weapon)
 e - a +6 scythe of protection
 F - a +4 long sword
Missiles
 k - 15 poisoned darts
 q - 5 curare-tipped darts (quivered)
 D - 6 datura-tipped darts
Armour
 o - a scarf of shadows (worn)
 z - a +2 leather armour of fire resistance (worn)
Jewellery
 t - a ring of willpower (left hand)
 w - an amulet of regeneration (around neck)
 B - a +6 ring of intelligence (right hand)
 C - a ring of willpower
Wands
 x - a wand of mindburst (8)
 A - a wand of roots (12)
Scrolls
 i - 5 scrolls of identify {unknown}
 j - 2 scrolls of enchant weapon {unknown}
 m - a scroll of immolation {unknown}
 r - a scroll of torment {unknown}
 s - 6 scrolls of teleportation {unknown}
 u - a scroll of brand weapon {unknown}
 v - 2 scrolls of enchant armour {unknown}
 y - a scroll of acquirement {unknown}
 G - a scroll of fog {unknown}
Potions
 b - a potion of ambrosia {unknown}
 f - a potion of might {unknown}
 g - 3 potions of curing
 h - 2 potions of flight {unknown}
 l - 3 potions of haste {unknown}
 n - a potion of attraction {unknown}
 p - 2 potions of degeneration {unknown}
 E - a potion of resistance {unknown}


   Skills:
 + Level 6.9 Fighting
 - Level 4.3 Maces & Flails
 + Level 0.1 Throwing
 - Level 2.0 Armour
 + Level 6.0 Dodging
 - Level 1.0 Stealth
 * Level 1.8 Spellcasting
 + Level 6.0 Evocations


You had 11 spell levels left.
You didn't know any spells.
Your spell library contained the following spells:

 Spells                   Type           Power      Damage    Failure   Level
 Sandblast                Erth           4%         2d4       17%         1
 Lesser Beckoning         Tloc           4%         N/A       26%         2
 Passwall                 Tmut/Erth      1%         N/A       26%         2
 Call Canine Familiar     Summ           2%         N/A       45%         3
 Gell's Gravitas          Tloc           2%         N/A       45%         3
 Ozocubu's Armour         Ice            2%         N/A       45%         3
 Portal Projectile        Hex/Tloc       4%         N/A       45%         3
 Stone Arrow              Conj/Erth      4%         3d7       45%         3
 Teleport Other           Tloc           2%         N/A       45%         3
 Leda's Liquefaction      Hex/Erth       1%         N/A       86%         4
 Ozocubu's Refrigeration  Ice            1%         4d7       100%        7


Dungeon Overview and Level Annotations

Branches:
Dungeon (7/15)             Temple (1/1) D:7

Altars:
Dithmenos
Elyvilon
Gozag
Hepliaklqana
Makhleb
Nemelex Xobeh
Qazlal
Sif Muna
Trog
Uskayaw
Yredelemnul
Zin
The Shining One

Shops:
D:4 [   D:7 *

Annotations:
D:3 exclusion: downstairs
D:5 Edmund


Message History

The jelly is moderately wounded.
The jelly hits you.
You are splashed with acid.
You hit the jelly but do no damage.
Your hands burn!
The jelly is moderately wounded.
The jelly hits you.
You are splashed with acid!
You hit the jelly.
Your hands burn!
The jelly is severely wounded.
The jelly misses you.
You hit the jelly. The acid corrodes you!
Your hands burn!
The jelly is severely wounded.
The jelly hits you.
You are splashed with acid.
* * * LOW HITPOINT WARNING * * *
The jelly hits you.
* * * LOW HITPOINT WARNING * * *
The acid corrodes you!
You are splashed with acid.
* * * LOW HITPOINT WARNING * * *
Aiming: Mindburst
Press: ? - help, Shift-Dir - straight line, f - you That would be overly suicidal.
Okay, then.
Unknown command.
Okay, then.
Okay, then.
Okay, then.
You feel better. The jelly hits you.
* * * LOW HITPOINT WARNING * * *
The acid corrodes you!
You are splashed with acid!
* * * LOW HITPOINT WARNING * * *
Aiming: Mindburst
Press: ? - help, Shift-Dir - straight line, f - jelly
Aim: a jelly (severely wounded, not susceptible)
The jelly is unaffected.
The jelly hits you.
* * * LOW HITPOINT WARNING * * *
You are splashed with acid!
* * * LOW HITPOINT WARNING * * *
You feel better. The jelly hits you.
* * * LOW HITPOINT WARNING * * *
You are splashed with acid!
You die...
Your body crumbles into a pile of gold.

#.......# #####+########'#####.#
#........##........#.#
#........##.....##.#.#
#######........##.....##.#.#
.......####.############.#.# #
######.# ##...##########.#.# #
#.# #.................# # #.#
#.@....≈≈≈≈≈......# ####### #.#
#.J..≈≈≈≈≈≈≈≈≈....# ......# #.#
#..≈≈≈≈≈≈≈≈≈≈≈≈≈... #####.# #.#
#.≈≈≈≈≈≈...≈≈≈≈≈≈.# # #.# #.#
#.≈≈≈≈≈≈.>.≈≈≈≈≈≈.# #
#.#####.###.≈≈≈≈≈≈...≈≈≈≈≈≈..
#####.....#.##..≈≈≈≈≈≈≈≈≈~≈≈≈≈≈.#
#<.).............≈≈≈≈≈≈≈≈~~≈≈≈..#
#########....#.....≈≈≈≈≈≈≈~≈....#


You could see a jelly.

Vanquished Creatures
  Sigmund (D:5)
  A wyvern (D:7)
  A steam dragon (D:6)
  A black bear (D:4)
  An ice beast (D:5)
  3 centaurs
  A kobold brigand (D:7)
  A phantom (D:5)
  Blork the orc (D:5)
  A gnoll sergeant (D:6)
  A scorpion (D:7)
  2 wights (D:6)
  A jelly (D:6)
  A gnoll bouda (D:5)
  A hound (D:6)
  2 orc priests
  Jessica (D:2)
  A sleepcap (D:6)
  3 iguanas
  2 orc wizards (D:6)
  9 gnolls
  10 adders
  A shadow imp (D:7)
  An ufetubus (D:5)
  3 dart slugs
  8 orcs
  7 bats
  10 endoplasms
  4 giant cockroaches
  3 hobgoblins
  6 jackals
  9 kobolds
  3 quokkas
  6 ball pythons
  4 frilled lizards
  8 goblins
  6 rats
125 creatures vanquished.

Vanquished Creatures (collateral kills)
  A wight (D:6)
  A jelly (D:4)
  An orc priest (D:7)
  2 iguanas
  3 gnolls
  5 orcs
  A goblin (D:2)
  A ball python (D:4)
  A kobold (D:7)
16 creatures vanquished.

Vanquished Creatures (others)
  A gnoll bouda (D:5)
  2 gnolls (D:5)
  2 adders (D:2)
5 creatures vanquished.

Grand Total: 146 creatures vanquished

Notes
Turn   | Place    | Note
-------+----------+-------------------------------------------
     0 | D:1      | H0rd4k the Human Artificer began the quest for the Orb.
     0 | D:1      | Reached XP level 1. HP: 15/15 MP: 1/1
   230 | D:1      | Reached XP level 2. HP: 6/21 MP: 2/2
   722 | D:1      | Reached XP level 3. HP: 22/26 MP: 3/3
  1680 | D:2      | Reached XP level 4. HP: 27/32 MP: 4/4
  1843 | D:2      | Reached skill level 1 in Maces & Flails
  1875 | D:2      | Noticed Jessica
  1881 | D:2      | Killed Jessica
  2146 | D:2      | Reached XP level 5. HP: 31/38 MP: 5/5
  3315 | D:3      | Found a sparkling altar of Nemelex Xobeh.
  4200 | D:4      | Reached XP level 6. HP: 41/44 MP: 6/6
  4335 | D:5      | Entered Level 5 of the Dungeon
  4515 | D:5      | Noticed Blork the orc
  4526 | D:5      | Killed Blork the orc
  4527 | D:5      | Reached XP level 7. HP: 33/52 MP: 7/7
  4609 | D:4      | Found Vank's Armour Boutique.
  4941 | D:5      | Noticed Sigmund
  4947 | D:5      | Killed Sigmund
  4948 | D:5      | Reached skill level 5 in Evocations
  4948 | D:5      | Reached XP level 8. HP: 59/60 MP: 8/8
  5182 | D:5      | Noticed Edmund
  5514 | D:6      | Reached skill level 5 in Fighting
  5687 | D:6      | Reached skill level 5 in Dodging
  5788 | D:6      | Reached XP level 9. HP: 69/69 MP: 9/9
  6082 | D:7      | Found a staircase to the Ecumenical Temple.
  6111 | D:7      | Found Riyth's Island Escapes.
  6129 | Temple   | Entered the Ecumenical Temple
  6208 | Temple   | Became a worshipper of Gozag Ym Sagoz the Greedy
  6249 | D:7      | Reached skill level 1 in Spellcasting
  6547 | D:7      | Found a white marble altar of Elyvilon.
  6846 | D:7      | Found a bloodstained altar of Trog.
  7007 | D:7      | HP: 2/71 [acid (8)]
  7008 | D:7      | Splashed by a jelly's acid

Illustrated notes

Levels and vault maps discovered:
D:1:      denvon_arrival_hothouse, layout_basic
D:2:      layout_loops_ring, chequers_avenue, uniq_jessica
D:3:      minmay_door_path, layout_basic, mainiacjoe_overflow_24_doors
D:4:      layout_basic, serial_shops, nicolae_diamond_shop
D:5:      layout_gridville, uniq_edmund, uniq_blork_the_orc, uniq_sigmund
D:6:      layout_basic
D:7:      layout_basic, trog_three_pillars_becter, kennysheep_little_box,
          temple_pool_b, nicolae_island_escapes, uniq_crazy_yiuf_cottage
Temple:   dshaligram_water_room_temple

Skill      XL: |  1  2  3  4  5  6  7  8  9 |
---------------+----------------------------+-----
Evocations     | 4 5 6 |  6.0
Maces & Flails | 1 2 3 4 |  4.3
Dodging        | 2 3 5 6 |  6.0
Fighting       | 2 3 5 6 |  6.9
Spellcasting   | 1 |  1.8
Throwing       | |  0.1
Armour         | |  2.0
Stealth        | |  1.0

Action                     |  1- 3 |  4- 6 |  7- 9 || total
---------------------------+-------+-------+-------++-------
  Melee: Club              |   167 |   189 |       ||   356
         Punch             |     3 |     2 |     4 ||     9
         Morningstar       |       |    18 |   230 ||   248
  Throw: Dart              |       |     1 |       ||     1
  Evoke: Wand              |     4 |    21 |    16 ||    41
    Use: Potion            |       |       |     3 ||     3
   Stab: Sleeping          |     1 |     2 |     2 ||     5
 Armour: Leather armour    |    54 |    70 |    63 ||   187
  Dodge: Dodged            |    97 |   171 |   185 ||   453
